 Dungeon Crawl Stone Soup version 0.30-a0-159-g068b764562 (webtiles) character file.

Game seed: 7442794534249922152

37 IdlyInterested the Cutter (level 3, -6/40 HPs)
             Began as a Demonspawn Gladiator on Sept 27, 2022.
             Mangled by a gnoll
             ... wielding a +0 flail
              (10 damage)
             ... on level 2 of the Dungeon.
             The game lasted 00:03:15 (1390 turns).

IdlyInterested the Cutter (Demonspawn Gladiator)    Turns: 1390, Time: 00:03:16

Health: -6/40      AC: 21    Str: 14    XL:     3   Next: 23%
Magic:  3/3        EV:  2    Int:  9    God:
Gold:   80         SH:  0    Dex: 16    Spells: 2/2 levels left

rFire   . . .      SeeInvis .    a - +0 rapier
rCold   . . .      Faith    .    (no shield)
rNeg    . . .      Spirit   .    (body armour currently unavailable)
rPois   +          Reflect  .    (helmet currently unavailable)
rElec   .          Harm     .    (cloak currently unavailable)
rCorr   .          Rampage  .    (gloves currently unavailable)
Will    .....      NoTele   +    (boots currently unavailable)
Stlth   ++........               (no amulet)
HPRegen 0.13/turn                (no ring)
MPRegen 0.08/turn                (no ring)

@: mighty, tree-form, attractive
A: stationary, stasis, torment immunity, boosted hp, powered by death 1
a: no special abilities


You were on level 2 of the Dungeon.
You were a tree.
You visited 1 branch of the dungeon, and saw 2 of its levels.

You collected 80 gold pieces.

Inventory:

Hand Weapons
 a - a +0 rapier (weapon)
Missiles
 d - 2 throwing nets (quivered)
Armour
 b - a +0 leather armour (melded)
 c - a +0 helmet (melded)
Magical Staves
 l - a staff of earth
Scrolls
 f - a scroll of vulnerability {unknown}
 g - a scroll of amnesia {unknown}
 j - a scroll of poison {unknown}
Potions
 h - a potion of curing {unknown}
 k - a potion of lignification
 m - a potion of attraction


   Skills:
 - Level 2.0 Fighting
 * Level 3.2 Short Blades
 - Level 2.0 Throwing
 - Level 2.6 Dodging
 + Level 1.1 Stealth
 * Level 1.4 Evocations


You had 2 spell levels left.
You didn't know any spells.
Your spell library contained the following spells:

 Spells                   Type           Power      Damage    Failure   Level
 Foxfire                  Conj/Fire      0%         2x1d4     38%         1
 Fireball                 Conj/Fire      0%         3d3       100%        5
 Starburst                Conj/Fire      0%         6d3       100%        6


Dungeon Overview and Level Annotations

Branches:
Dungeon (2/15)

Altars:


Innate Abilities, Weirdness & Mutations

You are a tree.
Your roots penetrate the ground, keeping you stationary.
You cannot be teleported.
You are immune to unholy pain and torment.
Your maximum health is greatly increased.
Your equipment is partially melded.
You regenerate a little health from kills.


Message History

You hit the adder.
You kill the adder!
You feel sick. The gnoll misses you.
Throw: 3 throwing nets
Press: ? - help, Shift-Dir - straight line, f/p - gnoll
Aim: a gnoll, wielding a +0 club (lightly wounded, 65% to hit)
You throw a throwing net. The throwing net hits the gnoll.
The gnoll is caught in the net!
The gnoll is lightly wounded.
You feel sick.
The gnoll struggles against the net.
The gnoll hits you from afar with a +0 spear.
The gnoll barely misses you.
You hit the gnoll but do no damage.
The gnoll is lightly wounded.
You feel sick.
You are no longer poisoned.
The gnoll struggles against the net.
The gnoll hits you from afar with a +0 spear.
The gnoll hits you with a +0 flail.
* * * LOW HITPOINT WARNING * * *
You catch the helpless gnoll completely off-guard!
You hit the gnoll.
The gnoll is heavily wounded.
The gnoll struggles against the net.
The gnoll barely misses you. x2
It was a potion of lignification.
You turn into a tree.
Your +0 helmet melds into your body.
Your +0 leather armour melds into your body.
Your roots penetrate the ground.
The gnoll hits you but does no damage.
The gnoll struggles against the net.
The gnoll hits you but does no damage.
It was a potion of attraction.
You feel attractive to monsters.
The gnoll hits you from afar with a +0 spear.
* * * LOW HITPOINT WARNING * * *
The gnoll struggles against the net.
The gnoll hits you but does no damage.
It was a potion of might.
You feel very mighty all of a sudden. The gnoll hits you but does no damage.
The gnoll struggles against the net.
The net rips apart, and the gnoll comes free!
The gnoll hits you with a +0 flail!
You die...

###########
#.g♣.......
##g##g......
####...........
#....g..#.##.##
#.......#.. ..
###.......#...
## ......r...#
##...
###...)..g#
...# #....†..#
.....


You could see 3 gnolls.

Vanquished Creatures
  An adder (D:2)
  3 ball pythons (D:1)
  3 bats
  4 endoplasms (D:1)
  2 goblins
  A hobgoblin (D:1)
  A quokka (D:1)
  A frilled lizard (D:2)
  9 kobolds (D:1)
  3 rats
28 creatures vanquished.

Vanquished Creatures (others)
  10 plants (D:2)
10 creatures vanquished.

Grand Total: 38 creatures vanquished

Notes
Turn   | Place    | Note
-------+----------+-------------------------------------------
     0 | D:1      | IdlyInterested the Demonspawn Gladiator began the quest for
                  | the Orb.
     0 | D:1      | Reached XP level 1. HP: 16/16 MP: 1/1
   347 | D:1      | Gained mutation: You regenerate a little health from kills.
                  | [demonic ancestry]
   347 | D:1      | Reached XP level 2. HP: 22/22 MP: 2/2
   361 | D:1      | Reached skill level 3 in Short Blades
   513 | D:1      | Reached skill level 1 in Evocations
  1361 | D:2      | Reached skill level 1 in Stealth
  1365 | D:2      | Reached XP level 3. HP: 27/27 MP: 3/3
  1390 | D:2      | Mangled by a gnoll

Illustrated notes

Levels and vault maps discovered:
D:1:      lemuel_arrival_muddy, layout_loops_ring
D:2:      layout_loops_ring, hellmonk_ecumenical_altar_heavens_door,
          nicolae_grassy_gnolls

Skill      XL: |  1  2 |
---------------+-------+-----
Throwing       | 2 |  2.0
Short Blades   | 3 |  3.2
Evocations     | 1 |  1.4
Stealth        | 1 |  1.1
Fighting       | |  2.0
Dodging        | |  2.6

Action                   || total
-------------------------++-------
Melee: Rapier            ||    79
       Punch             ||     2
Throw: Javelin           ||     1
       Throwing net      ||     1
  Use: Potion            ||     3
 Stab: Sleeping          ||     1
       Held in net/web   ||     1
Armor: Leather armour    ||    30
       Skin              ||     4
Dodge: Dodged            ||    63

Table legend: (Time is in decaauts)
 A = Elapsed time spent in this place.
 B = Non-inter-level travel time spent in this place.
 C = Inter-level travel time spent in this place.
 D = Time resting spent in this place.
 E = Time spent auto-exploring this place.
 F = Levels seen in this place.
 G = Mean time per level.
                   A        B        C        D        E       F      G
               +--------+--------+--------+--------+--------+-----+--------+
         Total |   1396 |   1150 |    246 |    158 |    723 |   2 |  698.0 |
       Dungeon |   1396 |   1150 |    246 |    158 |    723 |   2 |  698.0 |
               +--------+--------+--------+--------+--------+-----+--------+

Top non-repeatable levels by time:
     D:1: 1314 daAuts
     D:2: 81 daAuts
